 Dungeon Crawl Stone Soup version 0.29-a0-923-g6e406bff71 (webtiles) character file.

Game seed: 13330793420742285876

23 Spectrina the Magician (level 3, -1/25 HPs)
             Began as a Djinni Venom Mage on July 27, 2022.
             Slain by a gnoll
             ... wielding a +0 whip
              (2 damage)
             ... on level 4 of the Dungeon.
             The game lasted 00:03:19 (347 turns).

Spectrina the Magician (Djinni Venom Mage)           Turns: 347, Time: 00:03:19

Health: -1/25      AC:  2    Str:  7    XL:     3   Next: 12%
Gold:   55         EV: 12    Int: 18    God:
                   SH:  0    Dex: 13

rFire   + + .      SeeInvis .   (no weapon)
rCold   x . .      Faith    .   (no shield)
rNeg    . . .      Spirit   .   a - +0 robe
rPois   ∞          Reflect  .   (no helmet)
rElec   .          Harm     .   (no cloak)
rCorr   .          Rampage  .   (no gloves)
Will    .....                   (boots unavailable)
Stlth   ++........              (no amulet)
HPRegen 0.08/turn               (no ring)
MPRegen 0.00/turn               (no ring)

@: flying
A: sickness immunity, fire resistance 2, cold vulnerability 1, float, innate
caster, HP casting, extra vitality 1
a: no special abilities


You were on level 4 of the Dungeon.
You visited 1 branch of the dungeon, and saw 4 of its levels.

You collected 55 gold pieces.

Inventory:

Armour
 a - a +0 robe (worn)
Scrolls
 c - 2 scrolls of identify {unknown}
 d - 2 scrolls of blinking {unknown}
 f - a scroll of enchant armour {unknown}
 g - a scroll of teleportation {unknown}


   Skills:
 - Level 2.1 Dodging
 - Level 1.5 Stealth
 + Level 3.2 Spellcasting


You couldn't memorise any spells.
You knew the following spells:

 Your Spells              Type           Power      Damage    Failure   Level
a - Freeze                Ice            56%        1d7       4%          1
f - Olgreb's Toxic Radia  Pois           14%        N/A       38%         4
g - Sting                 Tmut/Pois      56%        1d5       4%          1
m - Mephitic Cloud        Conj/Pois/Air  14%        N/A       13%         3
q - Poisonous Vapours     Pois/Air       28%        N/A       6%          2
Your spell library was empty.

Dungeon Overview and Level Annotations

Branches:
Dungeon (4/15)
 Temple: D:4-7

Altars:


Innate Abilities, Weirdness & Mutations

You are immune to sickness and miasma.
You are immune to poison.
Your flesh is very heat resistant. (rF++)
You are vulnerable to cold. (rC-)
You float through the air rather than walking.
You learn spells naturally, not from books.
Your magical power is your life essence.
You have superior vitality. (+4 MHP)


Message History

A worm comes into view.
Found a scroll labelled OLAINE PARO.
Found a stone staircase leading up.
Found a stone staircase leading down.
c - 2 scrolls labelled OLAINE PARO (gained 1)
There is a stone staircase leading down here.
You fly downwards.
Found 9 gold pieces.
Found a stone staircase leading down.
There is a stone staircase leading up here.
Unknown command.
Unknown command.
The gnoll shouts! x2; You hear a shout! x3
A gnoll comes into view. It is wielding a +0 flail.
You hear a shout!
There is a stone staircase leading down here.
You fly downwards.
Found 11 gold pieces and a robe.
There is a stone staircase leading up here.
Casting: Sting (safe; 4% risk of failure)
Confirm with . or Enter, or press ? or * to list all spells.
Aiming: Freeze (safe; 4% risk of failure)
Press: ? - help, Shift-Dir - straight line, f - gnoll
Aim: a gnoll, wielding a +0 whip You freeze the gnoll.
The gnoll is lightly wounded.
The gnoll hits you with a +0 whip!
* * * LOW HITPOINT WARNING * * *
You aren't carrying any potions.
Casting: Freeze (safe; 4% risk of failure)
Confirm with . or Enter, or press ? or * to list all spells.
Aiming: Freeze (safe; 4% risk of failure)
Press: ? - help, Shift-Dir - straight line, f/p - gnoll
Aim: a gnoll, wielding a +0 whip (lightly wounded)
You freeze the gnoll.
The gnoll is heavily wounded.
* * * LOW HITPOINT WARNING * * *
The gnoll closely misses you.
Unknown command.
You aren't carrying any potions.
The gnoll attacks as you move away! The gnoll hits you with a +0 whip.
You die...

#### [....
####.####..$#
.......@g...#
####.####...#
###


You could see a gnoll.

Vanquished Creatures
  A dart slug (D:1)
  A ball python (D:2)
  2 giant cockroaches
  A goblin (D:1)
  A hobgoblin (D:1)
  6 jackals
  A quokka (D:1)
  A bat (D:1)
  2 kobolds (D:1)
  2 rats
18 creatures vanquished.

Notes
Turn   | Place    | Note
-------+----------+-------------------------------------------
     0 | D:1      | Spectrina the Djinni Venom Mage began the quest for the
                  | Orb.
     0 | D:1      | Spectrina set off with the following spells memorised:
                  | Sting, Poisonous Vapours, Mephitic Cloud, Olgreb's Toxic
                  | Radiance.
     0 | D:1      | Reached XP level 1. HP: 15/15 MP: 0/0
    23 | D:1      | Reached XP level 2. HP: 7/21 MP: 0/0
   145 | D:1      | Reached skill level 3 in Spellcasting
   235 | D:2      | HP: 1/21 [jackal (2)]
   240 | D:2      | Reached XP level 3. HP: 5/25 MP: 0/0
   240 | D:2      | Learned a level 1 spell: Freeze
   347 | D:4      | Slain by a gnoll

Illustrated notes

Levels and vault maps discovered:
D:1:      spicycebolla_arrival_risky_transporter, layout_loops_cross,
          grunt_decor_junction, minmay_misc_feat_encased
D:2:      layout_loops_cross, chequers_ecumenical_altar_twisty
D:3:      minmay_roachtagon, layout_rooms, serial_park_tiny_1,
          lemuel_another_geyser, uniq_robin, uniq_crazy_yiuf_cottage,
          uniq_sigmund
D:4:      layout_loops_cross, xom_redecorated, minmay_misc_feat_pillars,
          minmay_ogre_servants, uniq_blork_the_orc

Skill      XL: |  1  2 |
---------------+-------+-----
Spellcasting   | 3 |  3.2
Dodging        | |  2.1
Stealth        | |  1.5

Action                   || total
-------------------------++-------
Melee: Unarmed           ||    17
 Cast: Sting             ||    24
       Freeze            ||     2
  Use: Potion            ||     3
Armor: Skin              ||    12
       Robe              ||     1
Dodge: Dodged            ||    13

Table legend: (Time is in decaauts)
 A = Elapsed time spent in this place.
 B = Non-inter-level travel time spent in this place.
 C = Inter-level travel time spent in this place.
 D = Time resting spent in this place.
 E = Time spent auto-exploring this place.
 F = Levels seen in this place.
 G = Mean time per level.
                   A        B        C        D        E       F      G
               +--------+--------+--------+--------+--------+-----+--------+
         Total |    346 |    346 |      0 |     35 |      0 |   4 |   86.5 |
       Dungeon |    346 |    346 |      0 |     35 |      0 |   4 |   86.5 |
               +--------+--------+--------+--------+--------+-----+--------+

Top non-repeatable levels by time:
     D:1: 208 daAuts
     D:2: 132 daAuts
     D:4: 2 daAuts
     D:3: 2 daAuts
